 Dungeon Crawl Stone Soup version 0.19-a0-76-g295c512 (webtiles) character file.

394 protoss039 the Covered (level 6, -1/55 HPs)
             Began as a Minotaur Fighter on May 12, 2016.
             Slain by a gnoll
             ... wielding a +2 spear of venom
              (6 damage)
             ... on level 4 of the Dungeon.
             The game lasted 00:13:02 (2808 turns).

protoss039 the Covered (Minotaur Fighter)           Turns: 2808, Time: 00:13:07

Health: -1/55      AC:  7    Str: 22    XL:     6   Next: 51%
Magic:  0/5        EV:  8    Int:  5    God:
Gold:   221        SH: 11    Dex: 10    Spells: 0 memorised, 5 levels left

rFire  . . .     SeeInvis .     a - +1 flail
rCold  . . .     Gourm    .     b - +0 scale mail
rNeg   . . .     Faith    .     c - +1 shield
rPois  .         Spirit   +     (helmet restricted)
rElec  .         Dismiss  .     (no cloak)
rCorr  .         Reflect  .     (no gloves)
SustAt .         Harm     .     (no boots)
MR     .....                    j - amulet of guardian spirit
Stlth  ..........               (no ring)
                                (no ring)

@: lethally poisoned (-1 -> -19), not resistant to hostile enchantments,
extremely unstealthy
A: retaliatory headbutt, horns 2
a: no special abilities


You were on level 4 of the Dungeon.
You were not hungry.

You visited 1 branch of the dungeon, and saw 4 of its levels.

You collected 221 gold pieces.

Inventory:

Hand Weapons
 a - a +1 flail (weapon)
Armour
 b - a +0 scale mail (worn)
 c - a +1 shield (worn)
 s - a +0 ring mail
Jewellery
 j - an amulet of guardian spirit (around neck)
Wands
 d - a wand of lightning (5/15)
Scrolls
 h - 2 scrolls of enchant weapon
 p - 2 scrolls of enchant armour
 q - a scroll of remove curse
 r - a scroll of random uselessness {unknown}
 t - 3 scrolls of magic mapping {unknown}
Potions
 e - a potion of resistance {unknown}
 k - a potion of berserk rage {unknown}
 l - 2 potions of heal wounds {unknown}
 m - a potion of curing {unknown}
 n - a potion of cancellation
Comestibles
 f - 3 bread rations
 o - a slice of pizza


   Skills:
 + Level 4.8 Fighting
 + Level 4.3 Maces & Flails
 + Level 5.6 Armour
 + Level 2.5 Dodging
 + Level 0.3 Stealth
 + Level 4.8 Shields
 + Level 0.1 Evocations


You had 5 spell levels left.
You didn't know any spells.

Dungeon Overview and Level Annotations

Branches:
Dungeon (4/15)
 Temple: D:4-7

Altars:
Elyvilon


Innate Abilities, Weirdness & Mutations

You reflexively headbutt those who attack you in melee.
You have a pair of horns on your head.


Message History

* * * LOW HITPOINT WARNING * * *
The gnoll hits you but does no damage.
You are more poisoned.
Your shield prevents you from hitting the gnoll.
The gnoll is almost dead.
* * * LOW HITPOINT WARNING * * *
You feel very sick. The gnoll hits you but does no damage.
You block the gnoll's attack.
You thump the gnoll!
You kill the gnoll!
* * * LOW HITPOINT WARNING * * *
You feel sick. You block the gnoll's attack.
It was a potion of cancellation.
Your magical effects are unravelling.
You feel magically purged.
You feel a little less mighty now.
* * * LOW HITPOINT WARNING * * *
You feel sick.
The gnoll hits you from afar with a spear of venom!
You die...

#### ..# #
#.# #.###
#@# ... #†#
#.##g##.#
#.<.g...#
#.......####
#########


You could see 2 gnolls.

Vanquished Creatures
  Sigmund (D:2)
  A worker ant (D:4)
  Ijyb (D:2)
  5 adders
  3 gnolls
  3 oozes
  3 worms (D:2)
  2 dart slugs (D:1)
  5 giant geckos
  9 bats
  3 giant cockroaches
  11 goblins
  9 hobgoblins
  5 jackals
  10 kobolds
  A ball python (D:2)
  3 giant newts
  12 rats
87 creatures vanquished.

Notes
Turn   | Place    | Note
--------------------------------------------------------------
     0 | D:1      | protoss039 the Minotaur Fighter began the quest for the Orb.
     0 | D:1      | Reached XP level 1. HP: 19/19 MP: 0/0
   137 | D:1      | Reached skill level 4 in Armour
   137 | D:1      | Reached XP level 2. HP: 27/27 MP: 1/1
   256 | D:1      | Reached XP level 3. HP: 28/33 MP: 2/2
   676 | D:2      | Noticed Ijyb
   684 | D:2      | Killed Ijyb
   684 | D:2      | Reached XP level 4. HP: 10/40 MP: 3/3
   946 | D:2      | Found a faded altar to an unknown god.
  1728 | D:2      | Noticed Sigmund
  1740 | D:2      | Killed Sigmund
  1740 | D:2      | Reached skill level 5 in Armour
  1740 | D:2      | Reached XP level 5. HP: 31/47 MP: 2/4
  1740 | D:2      | Reached XP level 6. HP: 35/53 MP: 2/5
  1991 | D:3      | Found a white marble altar of Elyvilon.
  2808 | D:4      | Slain by a gnoll

Vault maps used:
D:1:      minmay_arrival_shattered_statue
D:2:      kennysheep_six_static_rooms, first_bread, ecumenical_altar_1,
          uniq_iyjb, uniq_sigmund
D:3:      elyvilon_altar_4
D:4:      uniq_blork_the_orc, uniq_grinder, uniq_menkaure

Skill      XL: |  1  2  3  4 |
---------------+-------------+-----
Armour         | 4 5 |  5.6
Shields        | 4 |  4.8
Maces & Flails | 3 4 |  4.3
Fighting       | 4 |  4.8
Dodging        | 2 |  2.5
Stealth        | |  0.3
Evocations     | |  0.1

Action                   |  1- 3 |  4- 6 || total
-------------------------+-------+-------++-------
Melee: Flail             |    62 |   117 ||   179
       Headbutt          |    13 |    21 ||    34
Evoke: Wand              |       |     4 ||     4
  Use: Scroll            |     1 |     5 ||     6
       Potion            |     1 |     2 ||     3
  Eat: Chunk             |       |     6 ||     6
Armor: Scale mail        |    20 |    41 ||    61
Dodge: Dodged            |    16 |    31 ||    47
Block: Shield            |    21 |    66 ||    87
